 Dungeon Crawl Stone Soup version 0.29.1-15-g9cfb28693d (webtiles) character file.

Game seed: 4594994537499826527

2723 leafyfresh the Covert (level 9, -1/62 (66) HPs)
             Began as an Octopode Delver on Mar 7, 2023.
             Slain by an acid dragon (4 damage)
             ... on level 8 of the Dungeon.
             The game lasted 00:09:38 (8349 turns).

leafyfresh the Covert (Octopode Delver)             Turns: 8349, Time: 00:09:39

HP:   -1/62 (66)    AC:  1    Str: 11    XL:     9   Next: 66%
MP:   9/9           EV: 20    Int: 17    God:
Gold: 397           SH:  0    Dex: 13    Spells: 8/8 levels left

rFire   . . .      SeeInvis .   n - +2 spear (venom)
rCold   . . .      Faith    .   (no shield)
rNeg    . . .      Spirit   .   (helmet restricted)
rPois   .          Reflect  .   x - amulet of regeneration
rElec   .          Harm     .   J - +4 ring of evasion
rCorr   .          Rampage  .   (no ring)
Will    .....                   (no ring)
Stlth   ++++++....              (no ring)
HPRegen 1.00/turn               (no ring)
MPRegen 0.11/turn               (no ring)
                                (no ring)
                                (no ring)

@: hasted, drained, very quick
A: almost no armour, amphibious, 8 rings, camouflage 1, gelatinous body 1,
(nimble swimmer 1), tentacles
a: no special abilities


You were on level 8 of the Dungeon.
You visited 1 branch of the dungeon, and saw 8 of its levels.

You collected 397 gold pieces.

Inventory:

Hand Weapons
 a - a +0 short sword
 g - a +0 sling
 n - a +2 spear of venom (weapon)
 p - a +2 quarterstaff of chaos
 u - a +1 spear of venom
 L - a +2 short sword of speed
Missiles
 t - 5 datura-tipped darts (quivered)
 F - 2 throwing nets
Armour
 P - a scarf of invisibility
Magical Staves
 m - a staff of death
 B - a staff of cold
Jewellery
 x - an amulet of regeneration (around mantle)
 J - a +4 ring of evasion (left tentacle)
Wands
 f - a wand of digging (3)
 D - a wand of quicksilver (4)
 H - a wand of charming (7)
 O - a wand of iceblast (21)
Scrolls
 b - a scroll of fog
 c - 2 scrolls of magic mapping
 i - a scroll of immolation {unknown}
 l - 7 scrolls of identify {unknown}
 o - a scroll of vulnerability {unknown}
 q - 2 scrolls of noise {unknown}
 v - a scroll of poison {unknown}
 w - a scroll of butterflies {unknown}
 y - a scroll of summoning {unknown}
 I - a scroll of teleportation {unknown}
 K - a scroll of enchant weapon {unknown}
 M - 2 scrolls of enchant armour {unknown}
Potions
 d - 2 potions of brilliance {unknown}
 e - a potion of haste
 h - 2 potions of attraction {unknown}
 j - 3 potions of invisibility {unknown}
 k - 2 potions of cancellation {unknown}
 r - 5 potions of curing {unknown}
 s - 4 potions of might {unknown}
 z - 2 potions of lignification {unknown}
 A - a potion of ambrosia {unknown}
 C - a potion of mutation {unknown}
 E - a potion of magic {unknown}
 G - 2 potions of flight {unknown}
 N - a potion of heal wounds {unknown}


   Skills:
 + Level 8.1 Fighting
 - Level 2.0 Short Blades
 + Level 7.7 Dodging
 + Level 12.4 Stealth


You had 8 spell levels left.
You didn't know any spells.
Your spell library contained the following spells:

 Spells                   Type           Power      Damage    Failure   Level
 Scorch                   Fire           0%         2d5       34%         2
 Flame Wave               Conj/Fire      0%         2d4       93%         4
 Summon Cactus Giant      Summ           0%         N/A       100%        6


Dungeon Overview and Level Annotations

Branches:
Dungeon (8/15)             Temple (0/1) D:6
   Lair: D:8-11

Altars:
Elyvilon
Nemelex Xobeh
Uskayaw
Xom
The Shining One

Annotations:
D:4 2 runed translucent doors, Natasha
D:5 3 runed translucent doors, Kazon's ghost, novice DsAK


Innate Abilities, Weirdness & Mutations

You cannot wear most types of armour.
You are amphibious.
You can wear up to eight rings at the same time.
Your skin changes colour to match your surroundings (Stealth+).
Your rubbery body absorbs attacks. (AC +1, EV +1)
((You are camouflaged when in or above water. (Stealth+)))
You have tentacles for arms and can constrict up to eight enemies at once.


Message History

Press: ? - help, Dir - move target, f/p - wight
Aim: a wight, wielding a +4 spear and wearing a +0 robe (almost destroyed, about 34% to evade your +2 spear of venom)
You reach to attack!
You closely miss the wight.
The wight is almost destroyed.
The wight misses you.
Unknown command.
Reach: n) +2 spear (venom)
Press: ? - help, Dir - move target, f/p - wight
Aim: a wight, wielding a +4 spear and wearing a +0 robe (almost destroyed, about 34% to evade your +2 spear of venom)
The acid dragon is in the way.
You hit the acid dragon but do no damage.
The acid dragon is poisoned.
You squeeze the acid dragon.
The acid dragon is moderately wounded.
The acid dragon bites you!
* * * LOW HITPOINT WARNING * * *
The acid dragon claws you.
* * * LOW HITPOINT WARNING * * *
The wight closely misses you.
Unknown command.
Reach: n) +2 spear (venom)
Press: ? - help, Dir - move target, f/p - wight
Aim: a wight, wielding a +4 spear and wearing a +0 robe (almost destroyed, about 34% to evade your +2 spear of venom)
The acid dragon is in the way.
You hit the acid dragon.
The acid dragon is moderately wounded.
The acid dragon misses you. The acid dragon completely misses you.
The wight closely misses you.
Unknown command.
Unknown command.
Reach: n) +2 spear (venom)
Press: ? - help, Dir - move target, f/p - wight
Aim: a wight, wielding a +4 spear and wearing a +0 robe (almost destroyed, about 34% to evade your +2 spear of venom)
The acid dragon is in the way.
You hit the acid dragon.
The acid dragon is heavily wounded.
The acid dragon misses you. The acid dragon barely misses you.
The wight hits you from afar with a +4 spear!
* * * LOW HITPOINT WARNING * * *
Unknown command.
You feel yourself speed up. The acid dragon misses you.
The acid dragon claws you.
You die...

...#
#####..##...#..#.........#
##.#
#...........#..#.#########
...## #.###.##.......#.....#
....###.###........###..##.#
.............^)..>..)...#
#...###.######.....####.#
#...# #.# ###...# ... #....
..########...# #.##
#..#######......@..# .# ....
#.#####D....# .# ####
#z..### .# #...# #...# #...#
#...# #...#


You could see an acid dragon (very poisoned) and a wight.

Vanquished Creatures
  A troll (D:6)
  Eustachio (D:4)
  A steam dragon (D:6)
  A water moccasin (D:7)
  An ice beast (D:6)
  2 sky beasts
  A centaur (D:6)
  A phantom (D:7)
  2 kobold brigands (D:6)
  Blork the orc (D:6)
  4 bullfrogs
  5 scorpions
  4 wights (D:8)
  A howler monkey (D:6)
  6 hounds
  A gnoll bouda (D:4)
  A jelly (D:5)
  An orc priest (D:4)
  Crazy Yiuf (D:3)
  Natasha (D:4)
  Ijyb (D:4)
  3 iguanas
  2 orc wizards (D:5)
  5 gnolls
  6 adders
  A white imp (D:6)
  An ufetubus (D:6)
  2 worms (D:3)
  2 dart slugs
  20 orcs
  6 ball pythons
  5 endoplasms
  A giant cockroach (D:3)
  7 goblins
  11 hobgoblins
  17 jackals
  14 kobolds
  5 quokkas
  5 bats
  6 frilled lizards
  6 rats
  A bush (D:3)
164 creatures vanquished.

Vanquished Creatures (others)
  A fungus (D:3)
1 creature vanquished.

Grand Total: 165 creatures vanquished

Notes
Turn   | Place    | Note
-------+----------+-------------------------------------------
     0 | D:5      | leafyfresh the Octopode Delver began the quest for the Orb.
     0 | D:5      | Reached XP level 1. HP: 16/16 MP: 1/1
    18 | D:5      | Noticed an orc wizard
    20 | D:5      | Noticed an orc wizard
    41 | D:5      | Noticed a hound
    64 | D:5      | Killed an orc wizard
    65 | D:5      | Reached skill level 7 in Stealth
    65 | D:5      | Reached XP level 2. HP: 21/21 MP: 2/2
    76 | D:5      | Reached XP level 3. HP: 26/26 MP: 3/3
   401 | D:5      | Reached XP level 4. HP: 33/33 MP: 4/4
   483 | D:5      | Found a runed translucent gate.
   483 | D:5      | Found a runed translucent gate.
   565 | D:5      | Reached XP level 5. HP: 27/37 MP: 5/5
   576 | D:5      | Reached skill level 8 in Stealth
  1020 | D:4      | Noticed Eustachio
  1037 | D:4      | Noticed Ijyb
  1572 | D:3      | Reached XP level 6. HP: 44/44 MP: 6/6
  1908 | D:3      | You fall into a shaft and drop 1 floor!
  2163 | D:3      | Found a runed translucent door.
  2164 | D:3      | Noticed Crazy Yiuf
  2173 | D:3      | Killed Crazy Yiuf
  3358 | D:1      | Found a faded altar of an unknown god.
  3644 | D:4      | Found a large runed translucent door.
  3644 | D:4      | Found a large runed translucent door.
  3784 | D:4      | Noticed Natasha
  3790 | D:4      | Killed Eustachio
  3791 | D:4      | Reached skill level 5 in Fighting
  3791 | D:4      | Reached skill level 9 in Stealth
  3791 | D:4      | Reached XP level 7. HP: 29/50 MP: 7/7
  3793 | D:4      | Killed Natasha
  3955 | D:4      | Found a white marble altar of Elyvilon.
  4407 | D:4      | Found a sparkling altar of Nemelex Xobeh.
  4416 | D:4      | Reached skill level 5 in Dodging
  4550 | D:4      | Killed Ijyb
  5249 | D:4      | Noticed Natasha
  5383 | D:5      | Reached XP level 8. HP: 53/57 MP: 8/8
  5447 | D:5      | Found a hide-covered altar of Uskayaw.
  5507 | D:5      | Reached skill level 10 in Stealth
  5570 | D:5      | Found a runed translucent gate.
  5570 | D:5      | Noticed Kazon's ghost (novice DsAK)
  5634 | D:6      | Noticed a troll
  5681 | D:6      | Killed a troll
  5749 | D:6      | Noticed Blork the orc
  5756 | D:6      | Killed Blork the orc
  5832 | D:6      | Reached skill level 11 in Stealth
  5906 | D:6      | Found a shimmering altar of Xom.
  5934 | D:6      | Reached XP level 9. HP: 21/64 MP: 9/9
  6508 | D:6      | Found a staircase to the Ecumenical Temple.
  6824 | D:6      | Found a glowing golden altar of the Shining One.
  7027 | D:7      | Reached skill level 12 in Stealth
  8348 | D:8      | HP: 2/62 [wight/+4 spear (9)]
  8349 | D:8      | Slain by an acid dragon

Illustrated notes

Levels and vault maps discovered:
D:1:      minmay_arrival_cross, layout_rooms, basic_ecumenical_altar
D:2:      layout_loops_ring, chequers_serial_rivers_micro_d,
          kennysheep_generic_room_2
D:3:      layout_loops_cross, uniq_crazy_yiuf_cottage
D:4:      layout_layer_cave, elyvilon_altar_1,
          mainiacjoe_overflow_cross_hatched, jmf_multi_god_temple2, uniq_ijyb,
          uniq_eustachio, uniq_natasha
D:5:      layout_basic, mainiacjoe_overflow_alcove_4, ebering_ghost_rock_garden,
          minmay_misc_feat_chi, minmay_misc_feat_rugged, nrook_mini_vaults
D:6:      layout_loops_ring, nicolae_overflow_hidden_temple, old_standard_altar,
          minmay_temple_entry_junction, uniq_blork_the_orc
D:7:      layout_loops_corners, minmay_between
D:8:      layout_basic, vehumet_crystals

Skill      XL: |  1  2  3  4  5  6  7  8  9 |
---------------+----------------------------+-----
Stealth        | 7 8 9 11 12 | 12.4
Dodging        | 3 4 5 6 7 |  7.7
Fighting       | 4 5 7 8 |  8.1
Short Blades   | |  2.0

Action                   |  1- 3 |  4- 6 |  7- 9 || total
-------------------------+-------+-------+-------++-------
Melee: Short sword       |    11 |    57 |       ||    68
       Constrict         |     2 |    37 |    42 ||    81
       Tentacles         |     2 |    39 |    51 ||    92
       Punch             |       |     5 |     6 ||    11
       Spear             |       |   154 |   261 ||   415
Throw: Dart              |       |       |     1 ||     1
Evoke: Wand              |       |       |     1 ||     1
  Use: Scroll            |       |       |     1 ||     1
       Potion            |       |       |     1 ||     1
 Stab: Sleeping          |     1 |    37 |    26 ||    64
       Distracted        |       |     1 |       ||     1
Armor: Skin              |       |     6 |     6 ||    12
Dodge: Dodged            |     8 |    80 |   163 ||   251
